 Dungeon Crawl Stone Soup version 0.30.0-30-g96aa6591b8 (webtiles) character file.

Game seed: 95247818890137730

309 cdecastro the Nimble (level 6, 0/47 HPs)
             Began as a Gnoll Wanderer on June 29, 2023.
             Was an Initiate of Okawaru.
             Killed by divine providence
             ... invoked by an orc priest
              (11 damage)
             ... on level 4 of the Dungeon.
             The game lasted 00:06:14 (2957 turns).

cdecastro the Nimble (Gnoll Wanderer)               Turns: 2957, Time: 00:06:16

Health: 0/47       AC:  5    Str: 17    XL:     6   Next: 41%
Magic:  11/11      EV: 14    Int: 15    God:    Okawaru [......]
Gold:   197        SH:  0    Dex: 10    Spells: 5/11 levels left

rFire   . . .        z - +2 short sword (venom)
rCold   . . .        (no shield)
rNeg    + . .        c - +0 robe
rPois   .            f - +0 helmet
rElec   .            d - +0 cloak
rCorr   .            i - +0 pair of gloves
SInv    .            (no boots)
Will    .....        (no amulet)
Stlth   ++           k - ring of positive energy
HPRegen 0.27/turn    s - +6 ring of strength
MPRegen 0.12/turn

%: no passive effects
@: no status effects
A: fangs 1, strong nose, distributed training
a: Renounce Religion


You were on level 4 of the Dungeon.
You worshipped Okawaru.
Okawaru was noncommittal.
You visited 1 branch of the dungeon, and saw 4 of its levels.

You collected 197 gold pieces.

Inventory:

Hand Weapons
 e - a +0 spear
 z - a +2 short sword of venom (weapon)
Missiles
 m - 4 poisoned darts
 r - 2 curare-tipped darts
 u - 2 throwing nets
 D - 3 javelins
 E - 2 boomerangs
Armour
 c - a +0 robe (worn)
 d - a +0 cloak (worn)
 f - a +0 helmet (worn)
 i - a +0 pair of gloves (worn)
Jewellery
 k - a ring of positive energy (left hand)
 s - a +6 ring of strength (right hand)
 A - a ring of resist corrosion
Scrolls
 a - 2 scrolls of enchant armour {unknown}
 b - a scroll of butterflies
 h - 5 scrolls of magic mapping {unknown}
 q - 5 scrolls of identify {unknown}
 v - a scroll of noise {unknown}
 y - a scroll of enchant weapon {unknown}
 B - a scroll of teleportation {unknown}
 C - a scroll of poison {unknown}
 G - a scroll of blinking {unknown}
Potions
 g - 2 potions of berserk rage {unknown}
 j - 2 potions of mutation {unknown}
 l - 2 potions of haste {unknown}
 n - a potion of degeneration {unknown}
 o - 3 potions of heal wounds {unknown}
 p - 2 potions of ambrosia {unknown}
 t - a potion of lignification {unknown}
 w - a potion of brilliance {unknown}
 x - a potion of attraction {unknown}
 F - 2 potions of curing {unknown}


   Skills:
 + Level 3.3 Fighting
 + Level 2.0 Short Blades
 + Level 2.0 Long Blades
 + Level 2.0 Axes
 + Level 2.0 Maces & Flails
 + Level 2.0 Polearms
 + Level 2.0 Staves
 + Level 2.0 Ranged Weapons
 + Level 2.0 Throwing
 + Level 2.0 Armour
 + Level 8.8 Dodging
 + Level 2.0 Stealth
 + Level 2.0 Shields
 + Level 2.0 Unarmed Combat
 + Level 3.4 Spellcasting
 + Level 1.6 Conjurations
 + Level 1.6 Hexes
 + Level 5.7 Summonings
 + Level 1.6 Necromancy
 + Level 2.6 Translocations
 + Level 1.6 Transmutations
 + Level 1.6 Fire Magic
 + Level 1.6 Ice Magic
 + Level 1.6 Air Magic
 + Level 1.6 Earth Magic
 + Level 1.6 Poison Magic
 + Level 2.2 Invocations
 + Level 2.0 Evocations


You had 5 spell levels left.
You knew the following spells:

 Your Spells              Type           Power      Damage    Failure   Level
a - Summon Small Mammal   Summ           76%        N/A       1%          1
b - Call Canine Familiar  Summ           19%        N/A       5%          3
c - Momentum Strike       Conj/Tloc      18%        3d8       12%         2

Your spell library contained the following spells:

 Spells                   Type           Power      Damage    Failure   Level
 Lesser Beckoning         Tloc           20%        N/A       10%         2
 Vhi's Electric Charge    Tloc/Air       18%        N/A       24%         3
 Arcjolt                  Conj/Air       3%         1d13      95%         5
 Plasma Beam              Fire/Air       3%         2x1d15    100%        6
 Summon Lightning Spire   Summ/Air       Unusable   N/A       N/A         4

Dungeon Overview and Level Annotations

Branches:
Dungeon (4/15)             Temple (0/1) D:4

Altars:
Okawaru
Vehumet
Wu Jian

Annotations:
D:2 Natasha


Innate Abilities, Weirdness & Mutations

You have very sharp teeth.
Your uncanny sense of smell can sniff out nearby items.
Your experience applies equally to all skills.


Message History

The orc wizard barely misses you.
You barely miss the orc wizard.
You bite the orc wizard, but do no damage.
The orc wizard is heavily wounded.
The orc wizard hits you but does no damage.
You closely miss the orc wizard. Your bite misses the orc wizard.
The orc wizard is heavily wounded.
You hit the orc wizard but do no damage.
The orc wizard looks as sick as possible!
The orc wizard is severely wounded.
The orc priest calls upon Beogh to heal the orc wizard.
The orc wizard is healed somewhat.
The orc wizard closely misses you.
You hit the orc wizard.
The orc wizard is heavily wounded.
The orc wizard hits you but does no damage.
You hit the orc wizard.
The orc wizard looks as sick as possible!
The orc wizard is almost dead.
The orc priest calls upon Beogh to heal the orc wizard.
The orc wizard is healed somewhat.
The orc wizard completely misses you.
You hit the orc wizard.
The orc wizard looks as sick as possible!
The orc wizard is almost dead.
You kill the orc wizard!
Okawaru accepts your kill.
You closely miss the orc priest. The orc priest barely misses you.
The orc priest calls down the wrath of Beogh upon you.
Beogh smites you!
* * * LOW HITPOINT WARNING * * *
You hit the orc priest but do no damage.
The orc priest is poisoned.
You bite the orc priest.
The orc priest is lightly wounded.
The orc priest closely misses you.
You hit the orc priest.
The orc priest looks as sick as possible!
The orc priest is moderately wounded.
The orc priest closely misses you.
The orc priest invokes the aid of Beogh against you.
Beogh smites you!
You die...

..................# #.#
>.................####.#
##################.....#
######## #.#####
.......# #.# ######.#
###.####### ..# #.####
#.........# ### #....#
############.#
#########.#
#...@oo{o....
........#.#
#.##########.
##......#.###.#
.#.######.....# .#.#
####### ##.# ##.# ...#
####


You could see 3 orc priests.

Vanquished Creatures
  An ogre (D:4)
  A scorpion (D:4)
  Jessica (D:3)
  An orc wizard (D:4)
  3 adders
  A worm (D:3)
  2 dart slugs
  8 orcs
  2 endoplasms
  A giant cockroach (D:3)
  3 goblins
  6 hobgoblins
  6 jackals
  4 quokkas
  A ball python (D:1)
  2 bats
  A frilled lizard (D:3)
  A kobold (D:3)
  A rat (D:1)
46 creatures vanquished.

Vanquished Creatures (collateral kills)
  2 adders
  An endoplasm (D:1)
  2 hobgoblins (D:1)
  2 jackals (D:1)
  2 ball pythons
  A frilled lizard (D:3)
10 creatures vanquished.

Grand Total: 56 creatures vanquished

Notes
Turn   | Place    | Note
-------+----------+-------------------------------------------
     0 | D:1      | cdecastro the Gnoll Wanderer began the quest for the Orb.
     0 | D:1      | cdecastro set off with the following items: a +0 club, a
                  | scroll of butterflies, a +0 robe, a +0 cloak; and the
                  | following spell memorised: Summon Small Mammal; and the
                  | following spells available to memorise: Call Canine
                  | Familiar, Lesser Beckoning, Momentum Strike, Summon
                  | Lightning Spire.
     0 | D:1      | Reached XP level 1. HP: 17/17 MP: 4/4
   144 | D:1      | Reached XP level 2. HP: 23/23 MP: 2/5
   460 | D:1      | Found a faded altar of an unknown god.
   647 | D:2      | Noticed Natasha
   669 | D:1      | Reached XP level 3. HP: 24/28 MP: 4/7
   695 | D:1      | Learned a level 3 spell: Call Canine Familiar
   698 | D:1      | Learned a level 2 spell: Momentum Strike
   742 | D:2      | Reached skill level 1 in Invocations
   818 | D:2      | You fall into a shaft and drop 1 floor!
   843 | D:3      | Noticed Jessica
   867 | D:3      | Reached skill level 1 in Short Blades
   867 | D:3      | Reached skill level 1 in Long Blades
   867 | D:3      | Reached skill level 1 in Axes
   867 | D:3      | Reached skill level 1 in Maces & Flails
   867 | D:3      | Reached skill level 1 in Polearms
   867 | D:3      | Reached skill level 1 in Staves
   867 | D:3      | Reached skill level 1 in Ranged Weapons
   867 | D:3      | Reached skill level 1 in Throwing
   867 | D:3      | Reached skill level 1 in Armour
   867 | D:3      | Reached skill level 1 in Stealth
   867 | D:3      | Reached skill level 1 in Shields
   867 | D:3      | Reached skill level 1 in Unarmed Combat
   867 | D:3      | Reached skill level 1 in Evocations
   987 | D:2      | Reached XP level 4. HP: 34/34 MP: 8/8
  1567 | D:3      | Reached skill level 1 in Conjurations
  1567 | D:3      | Reached skill level 1 in Hexes
  1567 | D:3      | Reached skill level 1 in Necromancy
  1567 | D:3      | Reached skill level 1 in Transmutations
  1567 | D:3      | Reached skill level 1 in Fire Magic
  1567 | D:3      | Reached skill level 1 in Ice Magic
  1567 | D:3      | Reached skill level 1 in Air Magic
  1567 | D:3      | Reached skill level 1 in Earth Magic
  1567 | D:3      | Reached skill level 1 in Poison Magic
  1609 | D:3      | Found a radiant altar of Vehumet.
  1616 | D:3      | Found an ornate altar of the Wu Jian Council.
  1758 | D:3      | Killed Jessica
  2027 | D:3      | Found an iron altar of Okawaru.
  2050 | D:3      | Reached XP level 5. HP: 25/40 MP: 6/9
  2230 | D:3      | Became a worshipper of Warmaster Okawaru
  2305 | D:4      | Noticed an ogre
  2340 | D:4      | Killed an ogre
  2452 | D:4      | Reached XP level 6. HP: 19/47 MP: 11/11
  2711 | D:4      | Found a staircase to the Ecumenical Temple.
  2957 | D:4      | Killed from afar by an orc priest

Illustrated notes

Levels and vault maps discovered:
D:1:      heliophobic_arrival_henge, layout_rooms, shapermc_ecumenical_altar_gd
D:2:      layout_basic, uniq_natasha
D:3:      layout_loops_ring, old_standard_altar, mainiacjoe_overflow_big_doors,
          uniq_jessica
D:4:      layout_basic, minmay_temple_entry_poolview

Skill      XL: |  1  2  3  4  5  6 |
---------------+-------------------+-----
Translocations | 2 |  2.6
Invocations    | 1 2 |  2.2
Short Blades   | 1 2 |  2.0
Long Blades    | 1 2 |  2.0
Axes           | 1 2 |  2.0
Maces & Flails | 1 2 |  2.0
Polearms       | 1 2 |  2.0
Staves         | 1 2 |  2.0
Ranged Weapons | 1 2 |  2.0
Throwing       | 1 2 |  2.0
Armour         | 1 2 |  2.0
Stealth        | 1 2 |  2.0
Shields        | 1 2 |  2.0
Unarmed Combat | 1 2 |  2.0
Evocations     | 1 2 |  2.0
Spellcasting   | 3 |  3.4
Conjurations   | 1 |  1.6
Hexes          | 1 |  1.6
Necromancy     | 1 |  1.6
Transmutations | 1 |  1.6
Fire Magic     | 1 |  1.6
Ice Magic      | 1 |  1.6
Air Magic      | 1 |  1.6
Earth Magic    | 1 |  1.6
Poison Magic   | 1 |  1.6
Fighting       | 3 |  3.3
Dodging        | |  8.8
Summonings     | |  5.7

Action                     |  1- 3 |  4- 6 || total
---------------------------+-------+-------++-------
  Melee: Spear             |   103 |    21 ||   124
         Club              |    10 |       ||    10
         Bite              |     8 |    11 ||    19
         Punch             |     1 |     3 ||     4
         Short sword       |       |    75 ||    75
   Cast: Summon Small Mamm |    16 |     2 ||    18
         Call Canine Famil |       |     3 ||     3
   Stab: Distracted        |     2 |       ||     2
         Sleeping          |     1 |     3 ||     4
 Armour: Robe              |    20 |    27 ||    47
  Dodge: Dodged            |    89 |    71 ||   160
